cohdb
Replays
Latest Replays
All Replays
Popular Replays
Top Player Replays
Match Explorer
How It Works
Community
CoH3 Stats
Reddit
Sign in to upload your games and track your stats! →
Sign in with Steam
Match 44592625
Unlisted
Match 44592625
Overview
Messages
Build Orders
End
Panzergrenadier Squad
Selects Panzerjäger Kommand Battlegroup
250 Light Carrier
Panzergrenadier Squad
Construct Light Support Kompanie
Combat Half-tracks
250 Light Carrier
Panzerpioneer Squad
Selects GrB 39 Grenade Launcher Requisition
Fire Support Elements
le.IG 18 Mechanized Group
Flakvierling Half-track
Panzergrenadier Squad
Pak 38 Anti-tank Gun Team
8jok
咸鱼光
[Ace] Mango Rage
Atrol
剩者为王
杨司令
JT
陈浩南
0
0
Comments
sign in to comment!
No comments posted yet!